 Dungeon Crawl Stone Soup version 0.30-a0-23-ge60ba3568b (webtiles) character file.

Game seed: 6955651545562571565

432680 siradein the Warrior (level 22, -16/224 HPs)
             Began as a Demonspawn Chaos Knight on Aug 24, 2022.
             Was the Champion of Jiyva.
             Killed from afar by a living spell (29 damage)
             ... with an iceblast
             ... summoned by a walking frostbound tome
             ... on level 2 of the Depths on Aug 25, 2022.
             The game lasted 03:35:03 (54680 turns).

siradein the Warrior (Demonspawn Chaos Knight)     Turns: 54680, Time: 03:35:04

Health: -16/224    AC: 25    Str: 18    XL:     22   Next: 55%
Magic:  38/38      EV: 33    Int: 23    God:    Jiyva [******]
Gold:   1629       SH: 25    Dex: 20    Spells: 29/31 levels left

rFire   . . .      SeeInvis +    w - +7 demon trident (chaos)
rCold   . . .      Faith    .    t - +1 tower shield {AC+3}
rNeg    . . .      Spirit   .    R - +5 robe of Night {Dark Will+ SInv}
rPois   +          Reflect  +    (helmet restricted)
rElec   .          Harm     .    B - +2 cloak
rCorr   +          Rampage  .    (gloves unavailable)
Will    +++..                    F - +2 pair of boots
Stlth   +++.......               V - amulet of Plog {Reflect MP+9 Int+4 SH+5}
HPRegen 2.07/turn                Y - ring of the Hare {EV+8}
MPRegen 0.76/turn                a - ring "Canuer" {rPois EV+4 Dex+5}

@: mighty
A: rugged brown scales 3, hurl damnation, icemail 2, powered by pain 2, torment
resistance 1, condensation shield, demonic willpower, demonic touch 3, antennae
2, hooves 2, clever 1, sense surroundings 2, robust 1, wild magic 3, gelatinous
body 3, translucent skin 1, tendrils
}: 3/15 runes: decaying, serpentine, slimy
a: Hurl Damnation, Renounce Religion, Oozemancy, Slimify


You were on level 2 of the Depths.
You worshipped Jiyva.
Jiyva was exalted by your worship.
You visited 10 branches of the dungeon, and saw 45 of its levels.
You also visited: Bailey, Ice Cave, Volcano and Wizlab.

You collected 4073 gold pieces.
You spent 2444 gold pieces at shops.

Inventory:

Hand Weapons
 w - a +7 demon trident of chaos (weapon)
 H - the +6 spear of Pumoocw {vamp, rPois rN+ Stlth+}
   (You found it on level 5 of the Pits of Slime)

   It occasionally heals its wielder for a portion of the damage dealt when it
   wounds a living foe.
   rPois:     It protects you from poison.
   rN:        It protects you from negative energy.
   Stlth:     It makes you more stealthy.
Missiles
 q - 6 throwing nets
 S - 11 silver javelins
Armour
 e - +0 gold dragon scales
 n - a +2 tower shield of positive energy
 t - a +1 tower shield of protection (worn)
 u - the +4 skin of Zhor {*Englaciate rC+++ SInv}
   (You found it on level 5 of the Pits of Slime)

   It radiates cold, occasionally slowing all nearby creatures who are not
   resistant to cold.
   rC:        It renders you almost immune to cold.
   SInv:      It lets you see invisible.
 y - a +2 helmet
 B - a +2 cloak (worn)
 F - a +2 pair of boots (worn)
 R - the +5 robe of Night (worn) {Dark Will+ SInv}
   (You took it off a hell knight on level 2 of the Depths)

   It shrouds the wearer in darkness, reducing the range at which they can see
   and be seen by others.
   SInv:      It lets you see invisible.
   Will:      It increases your willpower.
Jewellery
 a - the ring "Canuer" (right hand) {rPois EV+4 Dex+5}
   (You found it on level 1 of the Elven Halls)

   [ring of evasion]

   EV:        It affects your evasion (+4).
   Dex:       It affects your dexterity (+5).
   rPois:     It protects you from poison.
 i - the ring "Wajog" {rElec Will- Int+2 SInv}
   (You found it on level 5 of the Pits of Slime)

   [ring of see invisible]

   Int:       It affects your intelligence (+2).
   rElec:     It insulates you from electricity.
   SInv:      It lets you see invisible.
   Will:      It decreases your willpower.
 C - a ring of protection from fire
 U - the ring of Tinad {rCorr Str+4 SInv}
   (You found it in an ice cave)

   [ring of resist corrosion]

   Str:       It affects your strength (+4).
   SInv:      It lets you see invisible.
   rCorr:     It protects you from acid and corrosion.
 V - the amulet of Plog (around neck) {Reflect MP+9 Int+4 SH+5}
   (You found it in an ice cave)

   [amulet of reflection]

   It reflects blocked missile attacks.
   Int:       It affects your intelligence (+4).
   MP:        It affects your magic capacity (+9).
   SH:        It affects your SH (+5).
 W - a +4 ring of slaying
 X - a ring of flight
 Y - the ring of the Hare (left hand) {EV+8}
   (You took it off a deep elf sorcerer on level 3 of the Elven Halls)

   [ring of evasion]

   EV:        It affects your evasion (+8).
Wands
 x - a wand of mindburst (20)
 z - a wand of roots (34)
 K - a wand of paralysis (42)
 N - a wand of flame (53) (quivered)
 P - a wand of acid (16)
 Q - a wand of polymorph (27)
 Z - a wand of digging (12)
Scrolls
 b - 4 scrolls of poison
 d - 3 scrolls of silence
 f - 7 scrolls of immolation
 g - 11 scrolls of teleportation
 j - 5 scrolls of fear
 m - 2 scrolls of butterflies
 s - 8 scrolls of magic mapping
 A - 2 scrolls of blinking
 M - 2 scrolls of summoning
Potions
 h - 4 potions of brilliance
 k - 2 potions of magic
 l - 17 potions of curing
 o - 7 potions of heal wounds
 r - 12 potions of haste
 v - 8 potions of might
 D - 3 potions of resistance
 G - 3 potions of berserk rage
 I - 6 potions of invisibility
 L - 6 potions of mutation
 O - 5 potions of cancellation
Miscellaneous
 c - a box of beasts
 p - a tin of tremorstones (2/2)
 E - a condenser vane
 T - a phial of floods


   Skills:
 + Level 20.4 Fighting
 + Level 14.6 Polearms
 + Level 17.1 Armour
 + Level 12.1 Dodging
 * Level 12.8 Shields
 - Level 5.0 Spellcasting
 - Level 5.0 Transmutations
 + Level 17.8 Evocations


You had 29 spell levels left.
You knew the following spells:

 Your Spells              Type           Power      Damage    Failure   Level
a - Wereblood             Tmut           53%        N/A       26%         2

Your spell library contained the following spells:

 Spells                   Type           Power      Damage    Failure   Level
 Foxfire                  Conj/Fire      40%        2x1d6     65%         1
 Magic Dart               Conj           40%        1d5       65%         1
 Summon Small Mammal      Summ           40%        N/A       65%         1
 Call Imp                 Summ           10%        N/A       78%         2
 Searing Ray              Conj           20%        2d5       78%         2
 Static Discharge         Conj/Air       10%        3-5/arc   78%         2
 Sublimation of Blood     Necr           10%        N/A       78%         2
 Ignite Poison            Fire/Tmut/Pois 25%        N/A       78%         3
 Call Canine Familiar     Summ           10%        N/A       92%         3
 Conjure Flame            Conj/Fire      10%        6-21      92%         3
 Mephitic Cloud           Conj/Pois/Air  10%        N/A       92%         3
 Portal Projectile        Hex/Tloc       20%        N/A       92%         3
 Summon Guardian Golem    Hex/Summ       10%        N/A       92%         3
 Tukima's Dance           Hex            10%        N/A       92%         3
 Blade Hands              Tmut           26%        N/A       95%         5
 Anguish                  Hex/Necr       5%         N/A       100%        4
 Cause Fear               Hex            5%         N/A       100%        4
 Fulminant Prism          Conj/Hex       5%         3d7       100%        4
 Iskenderun's Mystic Bla  Conj/Tloc      10%        2d4       100%        4
 Leda's Liquefaction      Hex/Erth       5%         N/A       100%        4
 Passage of Golubria      Tloc           10%        N/A       100%        4
 Sticky Flame             Conj/Fire      10%        2d3       100%        4
 Summon Lightning Spire   Summ/Air       10%        N/A       100%        4
 Irradiate                Conj/Tmut      16%        3d17      100%        5
 Lee's Rapid Deconstruct  Erth           5%         3d7*      100%        5
 Silence                  Hex/Air        5%         N/A       100%        5
 Yara's Violent Unravell  Hex/Tmut       16%        3d8       100%        5
 Dispersal                Tloc           5%         N/A       100%        6
 Statue Form              Tmut/Erth      21%        N/A       100%        6
 Dragon Form              Tmut           26%        N/A       100%        7
 Enfeeble                 Hex            5%         N/A       100%        7
 Storm Form               Tmut/Air       16%        N/A       100%        7
 Summon Hydra             Summ           5%         N/A       100%        7
 Borgnjor's Revivificati  Necr           5%         N/A       100%        8
 Disjunction              Tloc           5%         N/A       100%        8
 Lehudib's Crystal Spear  Conj/Erth      5%         10d3      100%        8
 Maxwell's Capacitive Co  Air            5%         ∞         100%        8
 Necromutation            Tmut/Necr      16%        N/A       100%        8
 Death's Door             Necr           5%         N/A       100%        9
 Dragon's Call            Summ           5%         N/A       100%        9
 Fire Storm               Conj/Fire      5%         8d1       100%        9


Dungeon Overview and Level Annotations

Branches:
Dungeon (15/15)            Temple (1/1) D:5            Lair (5/5) D:10
  Swamp (4/4) Lair:2        Snake (4/4) Lair:3        Slime (5/5) Lair:5
    Orc (2/2) D:11            Elf (3/3) Orc:2        Vaults (4/5) D:14
  Crypt (0/3) Vaults:3     Depths (2/4) D:15         Bailey (visited)
  IceCv (visited)         Volcano (visited)          WizLab (visited)

Altars:
Ashenzari
Cheibriados
Dithmenos
Fedhas
Gozag
Hepliaklqana
Kikubaaqudgha
Makhleb
Nemelex Xobeh
Okawaru
Qazlal
Ru
Sif Muna
Trog
Uskayaw
Vehumet
Wu Jian
Xom
Yredelemnul
Ignis
Jiyva

Shops:
D:9 (   D:13 *   Orc:2 [?:*   Snake:4 =:=   Vaults:4 [

Portals:
Hell: Depths:1 Depths:2
Abyss: Depths:1
Ziggurat: Depths:2

Annotations:
Slime:5 Royal Jelly
Depths:2 Mara


Innate Abilities, Weirdness & Mutations

You are completely covered in rugged brown scales. (AC +3, +7% HP)
You can hurl damnation.
A meltable icy envelope protects you from harm. (AC +0)
You sometimes gain power by taking damage.
You are resistant to unholy torment.
A meltable shield of frost defends you. (SH +0)
You punish those that try to bend your will. (Will+)
Your touch may irresistibly damage your foes and sap their willpower.
You have a pair of antennae on your head.
You have hoof-like feet.
Your mind is acute. (Int +4, Str/Dex -1)
You passively map the area around you.
You are robust. (+10% HP)
Your spells are much harder to cast, but much more powerful.
Your gelatinous body deflects attacks. (AC +3, EV +3)
Your translucent skin slightly reduces your foes' accuracy. (Stealth+)
You are covered in slimy tendrils that may disarm your opponents.


Message History

The iceblast engulfs the fire dragon!!!
The fire dragon is frozen!
The fire dragon dies!
The iceblast engulfs the living spell!!!
The living spell is destroyed!
The living spell casts itself at you.
The mass of ice explodes!
The iceblast engulfs you!!
You hear a deafening roar!
You are too injured to fight recklessly!
You are too injured to fight recklessly!
Unknown command.
Reach: w) +7 demon trident (chaos)
Press: ? - help, Dir - move target, f - living spell
Aim: a living spell (summoned, about 13% to evade your +7 demon trident of chaos)
You reach to attack!
You impale the living spell!!
You destroy the living spell!
The walking frostbound tome erupts in a flurry of living spells!
Reach: w) +7 demon trident (chaos)
Press: ? - help, Dir - move target, f - walking frostbound tome
Aim: a walking frostbound tome (almost destroyed, about 22% to evade your +7 demon trident of chaos)
The living spell is in the way.
You impale the living spell!! You freeze the living spell.
You destroy the living spell!
The living spell casts itself at you.
The mass of ice explodes!
The iceblast engulfs you!!!
* * * LOW HITPOINT WARNING * * *
You focus on the pain.
You feel very mighty all of a sudden.
The walking frostbound tome erupts in a flurry of living spells!
The living spell casts itself at you.
The mass of ice explodes!
The iceblast engulfs you!
* * * LOW HITPOINT WARNING * * *
You hear a loud rustle.
Unknown command.
The walking frostbound tome erupts in a flurry of living spells!
The living spell casts itself at you.
The mass of ice explodes!
The iceblast engulfs you!!!
* * * LOW HITPOINT WARNING * * *
The living spell casts itself at you.
The mass of ice explodes!
The iceblast engulfs you!!
You die...

, , * , *,, * ,
*, , * * ,, ,,
,* {, {, ,* . ,
,,{{{{ .. * ,
,, *{,{ { ,
{... , * *
*#####*... * ,,
###..)*;*..
##..@.†.*#..
##.[(######* ,,
,**
#.[)########*,,
, *
#..###.....## ,
,*
#..##..###..##*
,, *
#..##.#####..#
*,,
#..##.#({}##.#
,
#..##.#..[##.#
, ,
#...#.....##.#
** ,


You could see a walking frostbound tome and 4 living spells.

Vanquished Creatures
  2 caustic shrikes
  2 golden dragons
  A tentacled monstrosity (Depths:1)
  5 deep elf blademasters
  Jorgrun (Elf:1)
  4 deep elf master archers (Elf:3)
  A titan (Depths:1)
  4 ancient champions (WizLab)
  Frances (Elf:1)
  2 tengu reavers
  Donald (Vaults:3)
  A shadow dragon (Vaults:4)
  A fenstrider witch (Swamp:1)
  3 nagarajas
  2 fire giants
  4 deep elf sorcerers
  4 revenants (WizLab)
  An orc warlord (Orc:1)
  7 vault wardens
  Aizul (Snake:3)
  An iron dragon (Depths:2)
  A frost giant (Depths:2)
  9 ironbound preservers
  A spectral caustic shrike (WizLab)
  2 war gargoyles (Vaults:2)
  6 ironbound thunderhulks
  3 very ugly things (Vaults:3)
  2 deep elf elementalists (Elf:3)
  7 stone giants
  5 eleionomae
  2 vampire knights
  2 deep elf demonologists
  3 dire elephants (Vaults:2)
  A white draconian (IceCv)
  3 halazid warlocks (WizLab)
  A spectral titan (WizLab)
  6 bunyips
  Nessos (Lair:5)
  A minotaur (D:12)
  5 deep elf annihilators
  2 entropy weavers (Vaults:2)
  3 eidola (WizLab)
  The ghost of Jeffwins the Frost Mage, a journeyman HuWn of Vehumet (D:12)
  6 fire dragons
  8 deep elf death magi
  2 spectral quicksilver dragons (WizLab)
  2 jiangshi (WizLab)
  3 ettins
  2 quicksilver dragon zombies (WizLab)
  13 yaktaur captains
  2 shambling mangroves
  A deep elf high priest (Elf:3)
  3 boulder beetles
  Harold (D:10)
  2 salamander tyrants (Snake:4)
  4 ironbound frosthearts
  5 vault guards
  A peacekeeper (Vaults:2)
  19 hydras
  3 ogre magi
  20 centaur warriors
  The ghost of Zonian the Force of Nature, a journeyman SpBr of Fedhas (Lair:3)
  5 ghost crabs
  5 ice dragons
  14 anacondas
  18 two-headed ogres
  9 deep troll shamans
  7 naga warriors
  12 alligators
  31 dancing weapons
  2 catoblepae
  A vampire mage (Vaults:3)
  4 tengu warriors
  7 deep troll earth magi
  A titan zombie (WizLab)
  An orc high priest (Orc:2)
  Urug (Lair:2)
  6 naga sharpshooters
  2 spriggan berserkers (Depths:2)
  10 shock serpents
  19 deep elf knights
  Sonja (D:12)
  Nergalle (Orc:1)
  4 salamander mystics (Snake:4)
  A sun demon (Depths:2)
  21 hell knights
  9 iron trolls
  2 shadow wraiths (WizLab)
  A fire crab (Volcano)
  2 spectral spark wasps (WizLab)
  A death drake (Swamp:4)
  8 goliath frogs
  A flayed ghost (WizLab)
  2 spriggan druids (Swamp:2)
  7 skeletal warriors
  38 deep trolls
  A swamp dragon (Swamp:3)
  2 naga ritualists
  16 deep elf archers
  6 bog bodies
  A spectral hydra (Swamp:4)
  A tengu zombie (Vaults:1)
  8 ironbound convokers
  12 lindwurms
  An orc knight (Orc:2)
  5 phantasmal warriors
  10 harpies
  A spectral wolf spider (WizLab)
  7 wizards
  26 deep elf pyromancers
  26 deep elf zephyrmancers
  5 necromancers
  2 oklob plants
  A spectral spriggan (WizLab)
  7 mana vipers
  4 manticores
  An orc sorcerer (Orc:2)
  11 salamanders
  4 will-o-the-wisps
  20 ugly things
  6 cyclopes
  5 elephants
  A salamander (shapeshifter) (D:13)
  Joseph (D:7)
  Maurice (D:7)
  6 guardian serpents
  A fire giant skeleton (Vaults:1)
  11 naga magi
  11 vault sentinels
  2 ice statues (IceCv)
  4 cane toads
  3 gargoyles
  27 black mambas
  A torpor snail (Lair:4)
  8 rime drakes
  3 unseen horrors
  5 swamp worm zombies (Swamp:4)
  9 komodo dragons
  2 freezing wraiths
  A kobold demonologist (D:11)
  2 efreet
  29 yaktaurs
  A tengu conjurer (D:13)
  3 hydra zombies (Swamp:4)
  18 trolls
  2 harpy zombies (WizLab)
  6 meliai (D:14)
  4 polar bears
  5 tyrant leeches
  16 hornets
  2 tarantellas (Vaults:2)
  Prince Ribbit (D:5)
  12 blink frogs
  7 dream sheep
  3 spectral swamp dragons (Swamp:4)
  4 alligator zombies (Swamp:4)
  3 vampires
  2 air elementals (Elf:2)
  11 flying skulls
  21 fire elementals
  2 wyverns
  3 wraiths
  4 fire bats (Volcano)
  A jumping spider (Vaults:2)
  24 spriggans
  2 water elementals
  47 yaks
  A basilisk (D:10)
  5 steam dragons
  3 redbacks (Vaults:2)
  21 swamp worms
  3 wargs
  19 vampire mosquitoes
  Menkaure (D:4)
  Edmund (D:4)
  A hell hound (Volcano)
  31 nagas
  14 water moccasins
  A hydra simulacrum (Lair:3)
  An ice beast (D:4)
  A swamp drake (Swamp:1)
  19 orc warriors
  2 sky beasts
  32 ogres
  2 black mamba simulacra (Lair:3)
  7 black bears
  4 swamp dragon zombies (Swamp:4)
  5 centaurs
  21 wolves
  4 boggarts (Lair:5)
  4 phantoms
  3 kobold brigands
  3 gnoll sergeants
  13 bullfrogs
  An earth elemental (Elf:2)
  2 scorpions
  2 human skeletons (Vaults:1)
  17 wights
  13 killer bees
  A blink frog simulacrum (Lair:3)
  5 lindwurm simulacra (IceCv)
  A dream sheep simulacrum (Lair:3)
  An elephant simulacrum (Lair:3)
  2 jellies
  5 komodo dragon simulacra (IceCv)
  5 hounds
  Crazy Yiuf (D:5)
  4 gnoll boudas
  9 orc priests
  3 iguanas
  16 orc wizards
  2 spectral swamp drakes (Swamp:4)
  2 polar bear simulacra (Lair:3)
  21 gnolls
  5 acid dragon simulacra (IceCv)
  5 adders
  A swamp drake zombie (Swamp:4)
  3 shadow imps
  2 ufetubi
  6 steam dragon simulacra (IceCv)
  3 worms
  3 dart slugs
  54 orcs
  10 bats
  7 endoplasms
  7 hobgoblins
  4 jackals (D:4)
  4 quokkas
  3 ball pythons
  2 frilled lizards
  5 goblins
  23 kobolds
  A rat (D:3)
  A butterfly (Swamp:1)
1473 creatures vanquished.

Vanquished Creatures (collateral kills)
  Roxanne (Swamp:2)
  2 deep elf annihilators (Elf:3)
  2 deep elf death magi (Elf:3)
  A deep elf high priest (Elf:3)
  2 bog bodies
  A hornet (Swamp:4)
9 creatures vanquished.

Vanquished Creatures (others)
  An ironbound preserver (Vaults:4)
  A halazid warlock (WizLab)
  An eleionoma (Swamp:2)
  A fire dragon (Depths:2)
  7 great orbs of eyes
  3 centaur warriors
  An anaconda (shapeshifter) (Depths:2)
  3 deep elf knights
  3 glowing orange brains
  A deep troll (Vaults:1)
  A naga ritualist (Snake:1)
  A swamp dragon (Swamp:2)
  A wizard (Vaults:2)
  An orc knight (Orc:1)
  5 deep elf pyromancers
  A deep elf zephyrmancer (Elf:2)
  A necromancer (Vaults:1)
  2 vault sentinels
  2 yaktaurs
  6 bloated husks
  A hornet (Swamp:2)
  10 slime creatures
  A tyrant leech (shapeshifter) (Depths:2)
  3 spriggans (Swamp:2)
  2 flying skulls (WizLab)
  A vampire (D:12)
  2 water elementals
  A floating eye (Depths:2)
  A human zombie (Vaults:1)
  A black bear (Lair:5)
  2 phantoms (Swamp:4)
  217 jellies
  An orc wizard (Orc:2)
  A swamp drake zombie (Swamp:4)
  6 orcs
  43 foxfires
  23 fungi
  51 plants
410 creatures vanquished.

Grand Total: 1892 creatures vanquished

Notes
Turn   | Place    | Note
-------+----------+-------------------------------------------
     0 | D:1      | siradein the Demonspawn Chaos Knight began the quest for
                  | the Orb.
     0 | D:1      | Reached XP level 1. HP: 18/18 MP: 1/1
    66 | D:1      | XOM: silly message
   421 | D:1      | Gained mutation: A meltable shield of frost defends you.
                  | (SH +0) [demonic ancestry]
   421 | D:1      | Reached XP level 2. HP: 24/24 MP: 2/2
   517 | D:1      | Found a faded altar of an unknown god.
  1276 | D:2      | Gained mutation: You sometimes gain a little power by
                  | taking damage. [demonic ancestry]
  1276 | D:2      | Reached XP level 3. HP: 29/29 MP: 3/3
  1313 | D:1      | Prayed at the altar of an unknown god.
  1313 | D:1      | Fell from the grace of Xom
  1313 | D:1      | Became a worshipper of Ignis, the Dying Flame
  1644 | D:2      | XOM: summons 1 hostile demon
  1864 | D:2      | Reached skill level 4 in Fighting
  2059 | D:2      | Gained mutation: You are partially covered in rugged brown
                  | scales. (AC +1, +3% HP) [demonic ancestry]
  2059 | D:2      | Reached XP level 4. HP: 20/38 MP: 4/4
  2887 | D:3      | XOM: 2-stop teleportation journey
  2906 | D:3      | Reached XP level 5. HP: 5/44 MP: 5/5
  2906 | D:3      | HP: 2/44 [poisoned by an orc]
  3332 | D:3      | Identified the +1 chain mail of Slovenliness {rElec rPois
                  | rF- Slay+2}
  3388 | D:3      | HP: 2/44 [gnoll/+0 whip (6)]
  4201 | D:4      | Reached skill level 5 in Fighting
  4252 | D:4      | Found a radiant altar of Vehumet.
  4349 | D:4      | Noticed Menkaure
  4354 | D:4      | Killed Menkaure
  4355 | D:4      | Reached skill level 5 in Polearms
  4355 | D:4      | Gained mutation: Your touch may inflict minor irresistible
                  | damage on your foes. [demonic ancestry]
  4355 | D:4      | Reached XP level 6. HP: 10/52 MP: 6/6
  4634 | D:4      | Noticed an ice beast
  4640 | D:4      | Killed an ice beast
  4668 | D:4      | Noticed Edmund
  4673 | D:4      | Reached skill level 6 in Fighting
  4673 | D:4      | Gained mutation: A meltable icy envelope protects you from
                  | harm. (AC +0) [demonic ancestry]
  4673 | D:4      | Reached XP level 7. HP: 42/59 MP: 7/7
  4743 | D:4      | Killed Edmund
  5174 | D:5      | Entered Level 5 of the Dungeon
  5384 | D:5      | Reached skill level 7 in Fighting
  5633 | D:5      | Noticed Prince Ribbit
  5641 | D:5      | Killed Prince Ribbit
  5642 | D:5      | Gained mutation: You are mostly covered in rugged brown
                  | scales. (AC +2, +5% HP) [demonic ancestry]
  5642 | D:5      | Reached XP level 8. HP: 49/70 MP: 8/8
  5709 | D:5      | XOM: silly message
  5753 | D:5      | XOM: silly message
  5813 | D:5      | Found a staircase to the Ecumenical Temple.
  5866 | Temple   | Entered the Ecumenical Temple
  6054 | D:5      | XOM: silly message
  6245 | D:5      | Identified the +11 hammer of Cowardice {vorpal, Int+3}
  6247 | D:5      | Identified the +7 hammer of Yniokhlun {protect, rF- Will+
                  | Stlth+}
  6252 | D:5      | Found a runed translucent door.
  6253 | D:5      | Noticed Crazy Yiuf
  6307 | D:5      | XOM: silly message
  6406 | D:5      | XOM: silly message
  6442 | D:5      | XOM: silly message
  6485 | D:5      | Killed Crazy Yiuf
  6599 | D:6      | Reached skill level 8 in Fighting
  6898 | D:6      | Found a blossoming altar of Fedhas.
  7088 | D:6      | Found a shimmering blue altar of Sif Muna.
  7237 | D:6      | Reached XP level 9. HP: 51/76 MP: 9/9
  7333 | D:6      | XOM: silly message
  7485 | D:6      | Found an ancient bone altar of Kikubaaqudgha.
  7517 | D:6      | XOM: silly message
  7553 | D:6      | XOM: silly message
  7683 | D:7      | Reached skill level 9 in Fighting
  7863 | D:7      | Found a basalt altar of Yredelemnul.
  8034 | D:7      | Identified the +1 robe "Culesm" {Fly rN+ Str+5}
  8053 | D:7      | XOM: silly message
  8141 | D:7      | XOM: silly message
  8371 | D:7      | Noticed Joseph
  8392 | D:7      | Killed Joseph
  8393 | D:7      | Reached skill level 10 in Fighting
  8529 | D:8      | Noticed Maurice
  8554 | D:7      | Killed Maurice
  8830 | D:8      | Gained mutation: You sometimes gain power by taking damage.
                  | [demonic ancestry]
  8830 | D:8      | Reached XP level 10. HP: 83/89 MP: 10/10
  9170 | D:8      | XOM: silly message
  9188 | D:8      | Reached skill level 10 in Polearms
  9242 | D:8      | XOM: silly message
  9255 | D:8      | Reached skill level 11 in Fighting
  9296 | D:8      | Reached skill level 1 in Evocations
  9365 | D:8      | Paralysed by a hornet for 3 turns
  9468 | D:8      | XOM: silly message
  9584 | D:8      | Identified a scroll of acquirement
  9585 | D:8      | Acquired the +1 kite shield of Meunwes {+Inv rPois Regen+}
  9991 | D:9      | Reached skill level 1 in Shields
 10105 | D:9      | XOM: silly message
 10110 | D:9      | Found Gelehag's Hydra Hut.
 10115 | D:9      | Noticed a four-headed hydra
 10254 | D:9      | XOM: silly message
 10554 | D:9      | XOM: silly message
 10730 | D:9      | XOM: silly message
 10747 | D:10     | XOM: noise
 10747 | D:10     | Entered Level 10 of the Dungeon
 10758 | D:10     | Noticed a two-headed ogre
 10770 | D:10     | Killed a two-headed ogre
 10791 | D:10     | XOM: silly message
 10818 | D:10     | Gained mutation: You are completely covered in rugged brown
                  | scales. (AC +3, +7% HP) [demonic ancestry]
 10818 | D:10     | Reached XP level 11. HP: 89/100 MP: 11/11
 10961 | D:10     | Found a flagged portal.
 11022 | D:10     | XOM: silly message
 11048 | Bailey   | Entered a bailey
 11173 | Bailey   | Noticed a two-headed ogre
 11188 | Bailey   | Killed a two-headed ogre
 11404 | D:10     | Found a staircase to the Lair.
 11555 | D:10     | Reached skill level 12 in Fighting
 11619 | D:10     | Noticed a two-headed ogre
 11643 | D:10     | Killed a two-headed ogre
 11644 | D:10     | Reached skill level 5 in Armour
 11644 | D:10     | Reached skill level 5 in Evocations
 11977 | D:11     | Found a staircase to the Orcish Mines.
 11977 | D:11     | XOM: noise
 11978 | D:11     | XOM: silly message
 11978 | D:11     | Was forgiven by Xom
 12078 | D:11     | Noticed a two-headed ogre
 12107 | D:11     | Killed a two-headed ogre
 12326 | D:11     | Noticed Harold
 12388 | D:10     | Killed Harold
 12482 | D:11     | Gained mutation: You punish those that try to bend your
                  | will. (Will+) [demonic ancestry]
 12482 | D:11     | Reached XP level 12. HP: 110/110 MP: 12/12
 12540 | D:11     | Reached skill level 5 in Shields
 12543 | D:11     | Noticed a five-headed hydra
 12568 | D:11     | Killed a five-headed hydra
 12893 | Lair:1   | Entered Level 1 of the Lair of Beasts
 13324 | Lair:1   | Noticed a five-headed hydra
 13345 | Lair:1   | Killed a five-headed hydra
 14126 | Lair:2   | Noticed an eight-headed hydra
 14137 | Lair:2   | Killed an eight-headed hydra
 14138 | Lair:2   | Reached skill level 13 in Fighting
 14351 | Lair:2   | Noticed Urug
 14379 | Lair:2   | Killed Urug
 14527 | Lair:2   | Found a frozen archway.
 14553 | IceCv    | Entered an ice cave
 14955 | IceCv    | Noticed a white draconian
 15005 | IceCv    | Killed a white draconian
 15006 | IceCv    | Reached XP level 13. HP: 54/118 MP: 13/13
 15075 | IceCv    | Identified the ring of Tinad {rCorr Str+4 SInv}
 15081 | IceCv    | Identified the amulet of Plog {Reflect MP+9 Int+4 SH+5}
 16144 | Lair:2   | Found a staircase to the Swamp.
 16254 | Lair:3   | Found a staircase to the Snake Pit.
 16661 | Lair:3   | Found a runed translucent gate.
 16661 | Lair:3   | Found a runed translucent gate.
 16661 | Lair:3   | Found a runed translucent gate.
 16874 | Lair:3   | Noticed Zonian's ghost (journeyman SpBr)
 17428 | Lair:4   | Found a dark tunnel.
 17440 | Volcano  | Entered a volcano
 18730 | Lair:5   | Entered Level 5 of the Lair of Beasts
 18906 | Lair:5   | Reached skill level 14 in Fighting
 19157 | Lair:5   | Noticed Nessos
 19162 | Lair:5   | Killed Nessos
 19163 | Lair:5   | Reached XP level 14. HP: 122/128 MP: 14/14
 20019 | Lair:5   | Found a viscous altar of Jiyva.
 20023 | Lair:5   | Found a staircase to the Slime Pits.
 20027 | Lair:5   | Fell from the grace of Ignis
 20027 | Lair:5   | Became a worshipper of Jiyva Jeppoeki the Shapeless
 20789 | D:12     | Found a runed translucent gate.
 20789 | D:12     | Found a runed translucent gate.
 20789 | D:12     | Found a runed translucent gate.
 20789 | D:12     | Noticed Jeffwins's ghost (journeyman HuWn)
 21697 | D:12     | Reached * piety under Jiyva
 21795 | D:12     | Noticed Sonja
 21826 | D:12     | Killed Sonja
 22050 | D:12     | Killed Jeffwins's ghost
 22160 | Orc:1    | Entered Level 1 of the Orcish Mines
 22268 | Orc:1    | Noticed Nergalle
 22306 | Orc:1    | Killed Nergalle
 22362 | Orc:1    | You fall into a shaft and drop 1 floor!
 22362 | Orc:2    | Entered Level 2 of the Orcish Mines
 22379 | Orc:1    | Reached ** piety under Jiyva
 23164 | Orc:2    | Identified the +3 scimitar of Tohihor {holy, SInv}
 23191 | Orc:2    | Reached skill level 10 in Evocations
 23606 | Orc:2    | Noticed an orc warlord
 23824 | Orc:1    | Was forgiven by Ignis
 23972 | Orc:1    | Killed an orc warlord
 24106 | Orc:2    | Found Geynin's Magic Scroll Emporium.
 24116 | Orc:2    | Found Lastop's General Store.
 24150 | Orc:2    | Found Dytaj's Armour Shoppe.
 24150 | Orc:2    | Found Uwoolios's Book Emporium.
 24152 | Orc:2    | Bought a potion of heal wounds for 60 gold pieces
 24152 | Orc:2    | Bought a scroll of blinking for 90 gold pieces
 24152 | Orc:2    | Bought a potion of curing for 36 gold pieces
 24152 | Orc:2    | Bought a scroll of teleportation for 36 gold pieces
 24152 | Orc:2    | Bought a potion of curing for 36 gold pieces
 24157 | Orc:2    | Bought a scroll of magic mapping for 97 gold pieces
 24157 | Orc:2    | Bought a scroll of identify for 26 gold pieces
 24157 | Orc:2    | Bought a scroll of butterflies for 52 gold pieces
 24157 | Orc:2    | Bought a scroll of teleportation for 39 gold pieces
 24157 | Orc:2    | Bought a scroll of blinking for 97 gold pieces
 24184 | Orc:2    | Found a staircase to the Elven Halls.
 24393 | D:13     | Reached *** piety under Jiyva
 24507 | D:13     | Reached XP level 15. HP: 125/135 MP: 15/15
 24729 | D:13     | Reached skill level 15 in Fighting
 24740 | D:13     | Reached skill level 10 in Armour
 24827 | D:13     | Gained mutation: Armour fits poorly on your pseudopods.
                  | [Jiyva's grace]
 24827 | D:13     | Gained mutation: Armour fits poorly on your large
                  | pseudopods. [Jiyva's grace]
 24827 | D:13     | Gained mutation: Armour fits poorly on your massive
                  | pseudopods. [Jiyva's grace]
 24827 | D:13     | Gained mutation: You possess an exceptional clarity of
                  | mind. [Jiyva's grace]
 25269 | D:13     | Reached **** piety under Jiyva
 25303 | D:13     | Found Cedetah's General Store.
 26012 | D:14     | Reached skill level 10 in Shields
 26099 | D:14     | Found a gate to the Vaults.
 26269 | D:14     | Reached ***** piety under Jiyva
 26530 | D:14     | Identified the +0 ring mail "Secvowibor" {rC++ Str-2 Dex+7}
 26644 | D:15     | Entered Level 15 of the Dungeon
 26841 | D:15     | Found Buulih's Distillery.
 26849 | D:15     | Bought a potion of lignification for 51 gold pieces
 26849 | D:15     | Bought a potion of heal wounds for 85 gold pieces
 26849 | D:15     | Bought 2 potions of heal wounds for 170 gold pieces
 26849 | D:15     | Bought a potion of heal wounds for 85 gold pieces
 26849 | D:15     | Bought a potion of berserk rage for 85 gold pieces
 26849 | D:15     | Bought a potion of attraction for 51 gold pieces
 26849 | D:15     | Bought a potion of invisibility for 136 gold pieces
 27141 | D:15     | Found a staircase to the Depths.
 27680 | Swamp:1  | Entered Level 1 of the Swamp
 27933 | Swamp:1  | You are sucked into a shaft and drop 1 floor!
 27967 | Swamp:1  | Noticed a fenstrider witch
 27981 | Swamp:1  | Killed a fenstrider witch
 28287 | Swamp:1  | Lost mutation: Armour fits poorly on your massive
                  | pseudopods. [Jiyva's grace]
 28287 | Swamp:1  | Lost mutation: Armour fits poorly on your large pseudopods.
                  | [Jiyva's grace]
 28287 | Swamp:1  | Gained mutation: You are covered in slimy tendrils that may
                  | disarm your opponents. [Jiyva's grace]
 28287 | Swamp:1  | Gained mutation: Your melee attacks may engulf your foes in
                  | ooze. [Jiyva's grace]
 28287 | Swamp:1  | Gained mutation: You have a pair of small antennae on your
                  | head. [Jiyva's grace]
 28287 | Swamp:1  | Gained mutation: You have a pair of antennae on your head.
                  | [Jiyva's grace]
 28328 | Swamp:1  | Gained mutation: You are resistant to unholy torment.
                  | [demonic ancestry]
 28328 | Swamp:1  | Reached XP level 16. HP: 128/147 MP: 16/16
 28530 | Swamp:2  | Paralysed by a hornet for 2 turns
 28888 | Swamp:2  | Noticed Roxanne
 28955 | Swamp:2  | Reached skill level 16 in Fighting
 29244 | Swamp:2  | Killed Roxanne
 29855 | Swamp:3  | Reached ****** piety under Jiyva
 30109 | Swamp:4  | Entered Level 4 of the Swamp
 30259 | Slime:1  | Entered Level 1 of the Pits of Slime
 30375 | Slime:2  | Noticed an acid blob
 30376 | Slime:2  | Noticed an acid blob
 30522 | Slime:3  | Noticed an acid blob
 30718 | Slime:5  | Entered Level 5 of the Pits of Slime
 30744 | Slime:5  | Noticed an acid blob
 30745 | Slime:5  | Noticed an acid blob
 30746 | Slime:5  | Found a viscous altar of Jiyva.
 30746 | Slime:5  | Noticed an acid blob
 30747 | Slime:5  | Noticed an acid blob
 30748 | Slime:5  | Noticed an acid blob
 30748 | Slime:5  | Noticed an acid blob
 30749 | Slime:5  | Noticed an acid blob
 30750 | Slime:5  | Noticed the Royal Jelly
 30755 | Slime:5  | Identified the ring "Wajog" {rElec Will- Int+2 SInv}
 30761 | Slime:5  | Got a slimy rune of Zot
 30762 | Slime:5  | Identified the +6 spear of Pumoocw {vamp, rPois rN+ Stlth+}
 30766 | Slime:5  | Noticed an acid blob
 30782 | Slime:5  | Found the +4 skin of Zhor {*Englaciate rC+++ SInv}
 30784 | Slime:5  | Identified the +2 broad axe of Gunileg {flame, rCorr}
 30819 | Slime:5  | Identified the +10 long sword of Res Nullius {distort,
                  | Fragile rPois rF+}
 31027 | Slime:5  | Noticed an acid blob
 31722 | Swamp:4  | Reached skill level 1 in Dodging
 33033 | Swamp:4  | Noticed a bone dragon
 33263 | Snake:1  | Entered Level 1 of the Snake Pit
 33798 | Snake:1  | Reached XP level 17. HP: 143/151 MP: 17/17
 33875 | Snake:1  | Lost mutation: Your melee attacks may engulf your foes in
                  | ooze. [Jiyva's grace]
 33875 | Snake:1  | Gained mutation: Your rubbery body absorbs attacks. (AC +1,
                  | EV +1) [Jiyva's grace]
 33875 | Snake:1  | Gained mutation: Your pliable body absorbs attacks. (AC +2,
                  | EV +2) [Jiyva's grace]
 33875 | Snake:1  | Gained mutation: Your gelatinous body deflects attacks. (AC
                  | +3, EV +3) [Jiyva's grace]
 33875 | Snake:1  | Gained mutation: Your translucent skin slightly reduces
                  | your foes' accuracy. (Stealth+) [Jiyva's grace]
 34115 | Snake:2  | Learned a level 2 spell: Wereblood
 34475 | Snake:2  | Reached skill level 1 in Transmutations
 34502 | Snake:2  | Reached skill level 1 in Spellcasting
 34965 | Snake:3  | Noticed Aizul
 35004 | Snake:3  | Killed Aizul
 35459 | Snake:4  | Entered Level 4 of the Snake Pit
 35534 | Snake:4  | Found Cugi's Jewellery Emporium.
 35534 | Snake:4  | Found Puxuzocsasch's Book Boutique.
 35535 | Snake:4  | Found Cular's Jewellery Emporium.
 35546 | Snake:4  | Bought a +4 ring of slaying for 1092 gold pieces
 35621 | Snake:4  | Reached skill level 17 in Fighting
 35831 | Snake:4  | Lost mutation: You possess an exceptional clarity of mind.
                  | [Jiyva's grace]
 35831 | Snake:4  | Gained mutation: You are strong-willed. (Will+) [Jiyva's
                  | grace]
 35831 | Snake:4  | Gained mutation: You are highly strong-willed. (Will++)
                  | [Jiyva's grace]
 35831 | Snake:4  | Gained mutation: You are extremely strong-willed. (Will+++)
                  | [Jiyva's grace]
 35831 | Snake:4  | Gained mutation: You are robust. (+10% HP) [Jiyva's grace]
 36180 | Snake:4  | HP: 8/171 [salamander mystic/bolt of magma (11)]
 36443 | Snake:4  | Reached skill level 5 in Dodging
 37087 | Snake:4  | Got a serpentine rune of Zot
 37916 | Vaults:1 | Entered Level 1 of the Vaults
 38129 | Vaults:1 | Gained mutation: Your touch may inflict irresistible damage
                  | on your foes. [demonic ancestry]
 38129 | Vaults:1 | Reached XP level 18. HP: 181/181 MP: 24/24
 38688 | Vaults:1 | Lost mutation: You have a pair of antennae on your head.
                  | [Jiyva's grace]
 38688 | Vaults:1 | Lost mutation: You are extremely strong-willed. (Will+++)
                  | [Jiyva's grace]
 38688 | Vaults:1 | Lost mutation: Your gelatinous body deflects attacks. (AC
                  | +3, EV +3) [Jiyva's grace]
 38688 | Vaults:1 | Lost mutation: Your pliable body absorbs attacks. (AC +2,
                  | EV +2) [Jiyva's grace]
 38688 | Vaults:1 | Gained mutation: Your pliable body absorbs attacks. (AC +2,
                  | EV +2) [Jiyva's grace]
 38688 | Vaults:1 | Gained mutation: Your gelatinous body deflects attacks. (AC
                  | +3, EV +3) [Jiyva's grace]
 38688 | Vaults:1 | Gained mutation: You passively map a small area around you.
                  | [Jiyva's grace]
 38688 | Vaults:1 | Gained mutation: You passively map the area around you.
                  | [Jiyva's grace]
 39653 | Vaults:2 | Reached skill level 5 in Spellcasting
 39674 | Vaults:2 | Found a magical portal.
 39683 | WizLab   | Entered Borgnjor's Mausoleum
 39747 | WizLab   | Reached skill level 5 in Transmutations
 40665 | WizLab   | Reached skill level 18 in Fighting
 41316 | Vaults:2 | Reached skill level 15 in Evocations
 41334 | Vaults:2 | Gained mutation: Your touch may irresistibly damage your
                  | foes and sap their willpower. [demonic ancestry]
 41334 | Vaults:2 | Reached XP level 19. HP: 190/190 MP: 26/26
 41647 | Vaults:2 | Noticed Bai Suzhen
 41651 | Vaults:2 | Slimified Bai Suzhen
 41651 | Vaults:2 | Noticed Bai Suzhen
 41651 | Vaults:2 | Bai Suzhen changed into Bai Suzhen the azure jelly
 41781 | Vaults:2 | HP: 8/191 [dire elephant (21)]
 42304 | Vaults:2 | Lost mutation: Your gelatinous body deflects attacks. (AC
                  | +3, EV +3) [Jiyva's grace]
 42304 | Vaults:2 | Lost mutation: Armour fits poorly on your pseudopods.
                  | [Jiyva's grace]
 42304 | Vaults:2 | Gained mutation: You are extremely strong-willed. (Will+++)
                  | [Jiyva's grace]
 42304 | Vaults:2 | Gained mutation: You are agile. (Dex +4, Str/Int -1)
                  | [Jiyva's grace]
 42304 | Vaults:2 | Gained mutation: You are very agile. (Dex +8, Str/Int -2)
                  | [Jiyva's grace]
 42304 | Vaults:2 | Gained mutation: Your mind is acute. (Int +4, Str/Dex -1)
                  | [Jiyva's grace]
 42658 | Lair:3   | Killed Zonian's ghost
 42723 | Lair:3   | Identified the ring "Ycitruut" {rC+ Dex+6}
 42742 | Lair:3   | Reached skill level 15 in Armour
 42742 | Lair:3   | Gained mutation: You can hurl damnation. [demonic ancestry]
 42742 | Lair:3   | Reached XP level 20. HP: 201/201 MP: 27/27
 43026 | Swamp:4  | Slimified a bone dragon
 43026 | Swamp:4  | a bone dragon changed into a slime creature
 43044 | Swamp:4  | Got a decaying rune of Zot
 43434 | D:13     | Bought a scroll of blinking for 120 gold pieces
 44121 | Vaults:3 | Noticed Margery
 44124 | Vaults:3 | Slimified Margery
 44124 | Vaults:3 | Noticed Margery
 44124 | Vaults:3 | Margery changed into Margery the azure jelly
 44125 | Vaults:3 | Banished Margery the azure jelly
 44548 | Vaults:3 | Found a staircase to the Crypt.
 44562 | Vaults:3 | Noticed Donald
 44604 | Vaults:3 | Killed Donald
 45057 | Vaults:4 | Found Mecuf's Armour Emporium.
 45236 | Vaults:4 | Identified the -2 kite shield of Ixteuxiunk {Int+6 Dex-2}
 45541 | Vaults:4 | Reached skill level 19 in Fighting
 46079 | Vaults:4 | Identified the +0 buckler of Jusses {Fly rF+ rN+ Slay+2}
 46641 | Elf:1    | Entered Level 1 of the Elven Halls
 46709 | Elf:1    | Noticed Frances
 46730 | Elf:1    | Killed Frances
 46790 | Elf:1    | Lost mutation: You are very agile. (Dex +8, Str/Int -2)
                  | [Jiyva's grace]
 46790 | Elf:1    | Lost mutation: You are agile. (Dex +4, Str/Int -1) [Jiyva's
                  | grace]
 46790 | Elf:1    | Lost mutation: You are extremely strong-willed. (Will+++)
                  | [Jiyva's grace]
 46790 | Elf:1    | Lost mutation: You are highly strong-willed. (Will++)
                  | [Jiyva's grace]
 46790 | Elf:1    | Gained mutation: Your gelatinous body deflects attacks. (AC
                  | +3, EV +3) [Jiyva's grace]
 46790 | Elf:1    | Gained mutation: You have a pair of antennae on your head.
                  | [Jiyva's grace]
 46790 | Elf:1    | Gained mutation: You have a pair of large antennae on your
                  | head. (SInv) [Jiyva's grace]
 46790 | Elf:1    | Gained mutation: Your spells are a little harder to cast,
                  | but a little more powerful. [Jiyva's grace]
 46989 | Elf:1    | Noticed Jorgrun
 47005 | Elf:1    | Killed Jorgrun
 47031 | Elf:1    | Reached skill level 10 in Dodging
 47070 | Elf:1    | Reached XP level 21. HP: 194/210 MP: 28/28
 47208 | Elf:1    | Found a radiant altar of Vehumet.
 47220 | Elf:1    | Identified the ring "Canuer" {rPois EV+4 Dex+5}
 47796 | Elf:2    | Identified the +0 ring mail "Xoinomn" {Regen+ Str+4 Int+3
                  | Stlth+}
 47997 | Elf:2    | Paralysed by an air elemental for 1 turns
 47999 | Elf:2    | Paralysed by an air elemental for 1 turns
 48175 | Elf:2    | Upgraded the game from 0.30-a0-12-gd8047c6341 to
                  | 0.30-a0-23-ge60ba3568b
 48674 | Elf:2    | Found a huge runed translucent gate.
 48674 | Elf:2    | Found a huge runed translucent gate.
 48681 | Elf:2    | Found a huge runed translucent gate.
 48681 | Elf:2    | Found a huge runed translucent gate.
 48681 | Elf:2    | Found a huge runed translucent gate.
 49519 | Elf:3    | Entered Level 3 of the Elven Halls
 50402 | Elf:3    | Identified the +1 dagger of Qazlal's Grace {vorpal, *Slow
                  | Dex+4}
 50519 | Elf:3    | Identified the +5 robe "Koonudu" {rElec Int-2 Dex+4}
 50878 | Elf:3    | Identified the +0 kite shield of the Tired Ghosts {Fly
                  | rCorr}
 51179 | Elf:3    | Identified the +4 shortbow of True Grit {speed, rElec rPois
                  | rC- Dex-5}
 51247 | Elf:3    | Reached skill level 20 in Fighting
 51255 | Elf:3    | Got the Quarto of Confrontation
 51257 | Elf:3    | Identified the +0 scale mail of Lust {+Inv Str-2 Stlth+}
 51418 | Elf:3    | Lost mutation: You have a pair of large antennae on your
                  | head. (SInv) [Jiyva's grace]
 51418 | Elf:3    | Lost mutation: You are strong-willed. (Will+) [Jiyva's
                  | grace]
 51418 | Elf:3    | Gained mutation: Your spells are harder to cast, but more
                  | powerful. [Jiyva's grace]
 51418 | Elf:3    | Gained mutation: Your spells are much harder to cast, but
                  | much more powerful. [Jiyva's grace]
 51418 | Elf:3    | Gained mutation: You have large cloven feet. [Jiyva's
                  | grace]
 51418 | Elf:3    | Gained mutation: You have hoof-like feet. [Jiyva's grace]
 52193 | Depths:1 | Entered Level 1 of the Depths
 52408 | Depths:1 | Gained mutation: A meltable icy envelope protects you from
                  | harm. (AC +0) [demonic ancestry]
 52408 | Depths:1 | Reached XP level 22. HP: 222/222 MP: 29/29
 52826 | Depths:1 | Found a sparkling altar of Nemelex Xobeh.
 52897 | Depths:1 | Found a one-way gate to the infinite horrors of the Abyss.
 53463 | Depths:1 | Found a gateway to Hell.
 53927 | Depths:2 | Found a one-way gateway to a ziggurat.
 53927 | Depths:2 | Noticed Mara
 54059 | Depths:2 | Noticed a golden dragon
 54120 | Depths:1 | Killed a golden dragon
 54424 | Depths:2 | Noticed a caustic shrike
 54427 | Depths:2 | Noticed a caustic shrike
 54428 | Depths:2 | Noticed a golden dragon
 54518 | Depths:2 | Killed a caustic shrike
 54601 | Depths:1 | Killed a caustic shrike
 54626 | Depths:2 | Killed a golden dragon
 54680 | Depths:2 | Killed from afar by a living spell

Illustrated notes

Levels and vault maps discovered:
D:1:      evilmike_arrival_plus, layout_loops_corners,
          hellmonk_ecumenical_altar_blasted, kennysheep_another_room,
          kennysheep_boxes
D:2:      layout_basic, minmay_ruptured
D:3:      layout_loops_ring
D:4:      layout_cave_pools, mainiacjoe_overflow_alcove_4,
          mainiacjoe_overflow_catwalk, uniq_menkaure, uniq_edmund
D:5:      layout_loops_ring, minmay_temple_entry_wispy, serial_bayou_crossing,
          uniq_prince_ribbit1, uniq_crazy_yiuf_cottage
D:6:      layout_rooms, lemuel_blue_sif_altar, kiku_gazebo_pond_becter,
          fedhas_bush_and_centaur_altar
D:7:      layout_loops_ring, kennysheep_little_box, uniq_joseph
D:8:      layout_cave_pods, amcnicky_mini_pool_medium, uniq_maurice
D:9:      layout_loops_ring, doesnt_shop_hydraphobe
D:10:     layout_roguey, david_lair_generic, enter_bailey_8
D:11:     layout_irregular_city, david_orc_3, uniq_harold
D:12:     layout_loops_corners, maelrawn_ghost_gauntlet_escape, uniq_sonja
D:13:     minmay_the_grid_triangle_9x9_recursive_3_mashed
          [minmay_the_grid_triangle_9x9_impossible_snake,
          minmay_the_grid_triangle_9x9_zippers_horizontal,
          minmay_the_grid_triangle_9x9_odd_lines,
          minmay_the_grid_triangle_9x9_prize_schism,
          minmay_the_grid_triangle_9x9_zippers_vertical,
          minmay_the_grid_triangle_9x9_empty,
          minmay_the_grid_triangle_9x9_windchime,
          minmay_the_grid_triangle_9x9_cache,
          minmay_the_grid_triangle_9x9_flanged_cone], layout_cave_pods,
          serial_shops, shop
D:14:     layout_roguey, david_vaults_1
D:15:     grunt_enter_depths_hoard, layout_basic, serial_shops, shop,
          chequers_serial_rivers_micro_a
Temple:   nicolae_temple_x_marks_the_god
Lair:1:   layout_concentric_octagons
Lair:2:   layout_regular_city, palyth_hydra_swamp_entry,
          portal_ice_cave_entry_pillars_1, uniq_urug
Lair:3:   layout_long_grid, minmay_snake_entry_guardpost_small,
          gammafunk_ghost_icy, serial_bayou_pond_a
Lair:4:   layout_regular_city, enter_volcano_2, serial_bayou_shore_a,
          grunt_megastairs_4, infiniplex_staircase_pool_2
Lair:5:   minmay_lair_end_enchanted_forest, layout_layer_cave,
          dpeg_slime_entry_corner, uniq_nessos
Swamp:1:  layout_falls_marsh, nicolae_swamp_orc_logging_accident, swamp_pool1,
          nicolae_swamp_frolicking_bunyips
Swamp:2:  layout_basic_swamp, evilmike_swamp_ruin_house_3, swamp_pool2,
          uniq_roxanne
Swamp:3:  layout_basic_swamp, nicolae_swamp_well_well_well
Swamp:4:  swamp_pestilence, layout_basic_swamp
Snake:1:  layout_onion_interference
Snake:2:  layout_gridlike
Snake:3:  layout_misc_corridors, serial_bayou_pond_d, uniq_aizul
Snake:4:  snake_pit_salamanders_mu, layout_layer_cave, minmay_shop_grove
Slime:1:  layout_caves
Slime:2:  layout_caves
Slime:3:  layout_caves
Slime:4:  cheibrodos_slime_lost_civilization_2, layout_caves
Slime:5
Orc:1:    layout_caves, uniq_nergalle
Orc:2:    st_orc_open, layout_caves, statue_in_the_mist_lemuel, elf_legates
Elf:1:    layout_loops_corners, basic_altar, hangedman_elf_represent,
          uniq_frances, uniq_jorgrun
Elf:2:    elven_hall_of_blades_hangedman_alternative
          [nicolae_blade_entry_area_security], layout_geoelf_octagon,
          guppyfry_elf_castle
Elf:3:    minmay_elf_hall, layout_gridlike, dreamdust_deal_with_the_devil,
          minmay_misc_feat_pillars
Vaults:1: v_rooms_2, vaults_dpeg_cross, v_misc_2, layout_vaults_quadrants
Vaults:2: mu_enter_wizlab_3, vaults_room_stairs_pillars,
          ontoclasm_vaults_ring_small, vaults_dpeg_hooks, v_misc_16,
          hangedman_vaults_pinch, hangedman_vaults_capsules, v_rooms_5,
          hangedman_vaults_slice, vaults_room_corners, v_misc_11,
          nicolae_vaults_gold_heap, layout_vaults_omnicross, uniq_bai_suzhen
Vaults:3: minmay_crypt_entry_simple_box, nicolae_vaults_little_ls,
          vaults_room_fours, v_misc_16, v_misc_25, v_misc_25,
          hangedman_vaults_corner_blocks, nicolae_vaults_alarming,
          ontoclasm_vaults_shuriken, ontoclasm_vaults_bender,
          grunt_vaults_swirl, nicolae_vaults_specimen_jars,
          nicolae_vaults_mini_display_case, vaults_room_stairs_pillars,
          vaults_dpeg_spiral, nicolae_vaults_rhombus_5, layout_vaults_ring,
          uniq_margery, uniq_donald
Vaults:4: grunt_vaults_trifunnel, hangedman_vaults_stretched_pinwheel,
          vaults_room_grid, hangedman_vaults_stream,
          ontoclasm_vaults_decontamination, ontoclasm_vaults_ring_square,
          ontoclasm_vaults_gallery, v_misc_32, v_pattern_4,
          nicolae_vaults_windows_and_doors_thing, vaults_room_semicircle,
          nicolae_vaults_network_square, vaults_dpeg_encased_lava,
          grunt_vaults_hallway_long, layout_vaults_omnibox, serial_shops,
          shop_fountains
Depths:1: layout_gridlike, abyss_entry, grunt_hell_entry_dis_old,
          nemelex_lonely_heart_becter
Depths:2: grunt_twisty_corner, layout_cave_pools, enter_ziggurat_a,
          hangedman_geh_valley, ebering_dispersal_statue_hall,
          rand_demon_pan_entry_7, minmay_misc_feat_columns,
          infiniplex_staircase_zigzag_2, uniq_mara

Skill      XL: |  1  2  3  4  5  6  7  8  9 10 11 12 13 14 15 16 17 18 19 20 21 22 |
---------------+-------------------------------------------------------------------+-----
Polearms       | 3 4 5 6 8 9 10 11 12 13 14 | 14.6
Fighting       | 4 5 6 7 8 10 11 12 13 14 15 16 17 18 19 20 | 20.4
Armour         | 3 5 7 8 9 11 12 13 14 15 16 17 | 17.1
Evocations     | 3 5 7 9 10 11 13 15 16 17 | 17.8
Shields        | 2 4 6 8 9 10 11 12 | 12.8
Dodging        | 3 5 7 8 10 11 12 | 12.1
Transmutations | 4 5 |  5.0
Spellcasting   | 4 5 |  5.0

Action                   |  1- 3 |  4- 6 |  7- 9 | 10-12 | 13-15 | 16-18 | 19-21 | 22-24 || total
-------------------------+-------+-------+-------+-------+-------+-------+-------+-------++-------
Melee: Spear             |   132 |   107 |       |       |       |  3371 |  3168 |   101 ||  6879
       Halberd           |       |    33 |   360 |   116 |       |       |       |       ||   509
       Trident           |       |       |       |  1259 |  3154 |   486 |    12 |       ||  4911
       Pseudopods        |       |       |       |       |   183 |  1034 |   108 |       ||  1325
       Demon trident     |       |       |       |       |       |       |       |   619 ||   619
Throw: Dart              |       |       |       |       |     4 |       |       |       ||     4
 Cast: Wereblood         |       |       |       |       |       |     9 |    10 |     3 ||    22
Invok: Fiery Armour      |       |     2 |     2 |     2 |     1 |       |       |       ||     7
       Slimify           |       |       |       |       |       |     3 |     3 |       ||     6
Evoke: Piece from Xom's  |     1 |       |       |       |       |       |       |       ||     1
       Phial of floods   |       |       |       |       |     1 |     1 |       |       ||     2
       Wand              |       |       |       |       |       |     4 |     5 |       ||     9
       Tin of tremorston |       |       |       |       |       |     1 |       |       ||     1
       Condenser vane    |       |       |       |       |       |     1 |       |       ||     1
  Use: Scroll            |       |     4 |       |     6 |    11 |     8 |     5 |     9 ||    43
       Potion            |       |     2 |       |       |       |     5 |     1 |       ||     8
 Stab: Sleeping          |       |     1 |       |       |       |    12 |     6 |       ||    19
       Confused          |       |       |       |       |     3 |       |       |       ||     3
       Petrified         |       |       |       |       |     1 |       |       |       ||     1
       Distracted        |       |       |       |       |       |     4 |       |       ||     4
Armor: Leather armour    |    29 |       |       |       |       |       |       |       ||    29
       Chain mail        |       |    67 |   263 |   656 |   127 |       |       |       ||  1113
       Plate armour      |       |       |       |       |  1264 |   976 |   406 |       ||  2646
       Animal skin       |       |       |       |       |       |   219 |   137 |    95 ||   451
       Ring mail         |       |       |       |       |       |       |    71 |       ||    71
       Gold dragon scale |       |       |       |       |       |       |       |    56 ||    56
       Robe              |       |       |       |       |       |       |       |    18 ||    18
Dodge: Dodged            |    47 |    32 |   136 |   242 |   416 |   702 |   785 |   617 ||  2977
Block: Other             |    17 |    14 |    74 |    22 |       |       |       |       ||   127
       Kite shield       |       |       |       |   740 |  2635 |  1537 |       |       ||  4912
       Reflection        |       |       |       |       |    38 |   152 |   202 |       ||   392
       Tower shield      |       |       |       |       |       |  1975 |  3011 |  1053 ||  6039

Table legend: (Time is in decaauts)
 A = Elapsed time spent in this place.
 B = Non-inter-level travel time spent in this place.
 C = Inter-level travel time spent in this place.
 D = Time resting spent in this place.
 E = Time spent auto-exploring this place.
 F = Levels seen in this place.
 G = Mean time per level.
                   A        B        C        D        E       F      G
               +--------+--------+--------+--------+--------+-----+--------+
         Total |  52048 |  47289 |   4759 |   2240 |  27928 |  49 | 1062.2 |
       Dungeon |  17791 |  15650 |   2141 |    476 |  11340 |  15 | 1186.1 |
        Temple |     74 |     74 |      0 |      0 |     56 |   1 |   74.0 |
          Lair |   7320 |   6242 |   1078 |     75 |   3934 |   5 | 1464.0 |
         Swamp |   4433 |   3997 |    436 |    418 |   1734 |   4 | 1108.2 |
     Snake Pit |   4022 |   3877 |    145 |    111 |   2263 |   4 | 1005.5 |
    Slime Pits |    892 |    706 |    186 |      0 |    612 |   5 |  178.4 |
  Orcish Mines |   2084 |   1949 |    135 |    214 |    685 |   2 | 1042.0 |
   Elven Halls |   4958 |   4744 |    214 |    518 |   2140 |   3 | 1652.7 |
        Vaults |   5623 |   5223 |    400 |      3 |   3262 |   4 | 1405.8 |
        Depths |   2274 |   2252 |     22 |    221 |    977 |   2 | 1137.0 |
        Bailey |    341 |    341 |      0 |     83 |    132 |   1 |  341.0 |
      Ice Cave |    646 |    646 |      0 |     68 |    223 |   1 |  646.0 |
       Volcano |    394 |    394 |      0 |      0 |    236 |   1 |  394.0 |
        Wizlab |   1192 |   1192 |      0 |     51 |    332 |   1 | 1192.0 |
               +--------+--------+--------+--------+--------+-----+--------+

Top non-repeatable levels by time:
   Elf:3: 2245 daAuts
 Snake:4: 1931 daAuts
 Swamp:4: 1829 daAuts
  Lair:2: 1817 daAuts
  Lair:5: 1699 daAuts
   Elf:2: 1658 daAuts
     D:2: 1615 daAuts
Vaults:1: 1611 daAuts
Depths:1: 1584 daAuts
     D:5: 1557 daAuts
  Lair:3: 1445 daAuts
     D:3: 1434 daAuts
Vaults:2: 1390 daAuts
Vaults:3: 1358 daAuts
  Lair:1: 1308 daAuts
